 Dungeon Crawl Stone Soup version 0.23-a0-354-g4c2fb12 (webtiles) character file.

287 Cryolive the Digger (level 6, -4/32 HPs)
             Began as a Gargoyle Earth Elementalist on Oct 21, 2018.
             Slain by a gnoll
             ... wielding a +0 halberd
              (10 damage)
             ... on level 3 of the Dungeon.
             The game lasted 00:12:30 (2800 turns).

Cryolive the Digger (Gargoyle Earth Elementalist)   Turns: 2800, Time: 00:12:30

Health: -4/32      AC:  7    Str: 11    XL:     6   Next: 30%
Magic:  12/12      EV: 12    Int: 18    God:
Gold:   85         SH:  0    Dex: 10    Spells: 12/13 levels left

rFire    . . .     SeeInvis .   o - +1 mace (holy)
rCold    . . .     Gourm    .   (no shield)
rNeg     + . .     Faith    .   c - +0 robe
rPois    ∞         Spirit   .   (no helmet)
rElec    +         Reflect  .   (no cloak)
rCorr    .         Harm     .   i - +0 pair of gloves
MR       .....                  (no boots)
Stlth    ++........             (no amulet)
HPRegen  0.10/turn              (no ring)
MPRegen  0.13/turn              (no ring)

@: no status effects
A: negative energy resistance 1, electricity resistance, unbreathing,
petrification resistance, rot immunity, AC +4
a: no special abilities


You were on level 3 of the Dungeon.
You were not hungry.

You visited 1 branch of the dungeon, and saw 3 of its levels.

You collected 85 gold pieces.

Inventory:

Hand Weapons
 o - a +1 mace of holy wrath (weapon)
Missiles
 b - 35 stones (quivered)
 j - 4 large rocks
Armour
 c - a +0 robe (worn)
 i - a +0 pair of gloves (worn)
Jewellery
 k - an uncursed ring of magical power {unknown}
Scrolls
 a - 2 scrolls of magic mapping {unknown}
 f - 2 scrolls of enchant weapon {unknown}
 g - 4 scrolls of remove curse {unknown}
 l - 7 scrolls of identify {unknown}
 n - a scroll of random uselessness {unknown}
 p - a scroll of teleportation {unknown}
 q - 2 scrolls of blinking {unknown}
Potions
 e - a potion of ambrosia {unknown}
 h - 5 potions of curing {unknown}
 m - a potion of lignification {unknown}
Comestibles
 d - 4 rations


   Skills:
 - Level 1.6 Dodging
 - Level 2.1 Stealth
 + Level 4.4 Spellcasting
   Level 0.7 Transmutations
 + Level 6.2 Earth Magic


You had 12 spell levels left.
You knew the following spells:

 Your Spells              Type           Power        Failure   Level  Hunger
a - Sandblast             Erth           ####..       1%          1    None

Your spell library contained the following spells:

 Spells                   Type           Power        Failure   Level  Hunger
 Passwall                 Tmut/Erth      ###.....     4%          2    #......
 Stone Arrow              Conj/Erth      ###...       12%         3    ###....
 Lee's Rapid Deconstruct  Erth           ####......   30%         5    ######.
 Petrify                  Tmut/Erth      ###.....     32%         4    ####...


Dungeon Overview and Level Annotations

Branches:
Dungeon (3/15)

Altars:
Sif Muna


Innate Abilities, Weirdness & Mutations

You are resistant to torment.
Your stone body is resilient. (AC +4)
You are immune to poison.
You resist negative energy. (rN+)
You are resistant to electric shocks. (rElec)
You can survive without breathing.
You are immune to petrification.
You are immune to rotting.


Message History

A gnoll comes into view. It is wielding a +0 halberd.
A gnoll comes into view. It is wielding a +0 whip.
The gnoll shouts! x2
The gnoll throws a throwing net.
The throwing net completely misses you.
A hobgoblin comes into view.
The gnoll closely misses you. x2; The gnoll hits you with a +0 club!
A quokka comes into view.
Found a stone staircase leading up.
You barely miss the gnoll. The gnoll closely misses you.
The gnoll hits you with a +0 whip. The gnoll barely misses you.
You hit the gnoll.
The gnoll is moderately wounded.
The gnoll closely misses you. The gnoll hits you with a +0 halberd.
* * * LOW HITPOINT WARNING * * *
The gnoll hits you but does no damage. The gnoll hits you with a +0 whip.
* * * LOW HITPOINT WARNING * * *
You barely miss the gnoll.
The gnoll is moderately wounded.
The gnoll hits you with a +0 halberd!
You die...

#.#......##. #.
.....#.....^..##. #.
#.##.###.##...##.
#.###.##.# #.....####
#.....##.# #####.#
#..##....# #.##
#........# #..##
.###..g.....#######...##
.'..rgg@.....(.†........
<####.g.#.#########...##
##.##.# #..## ## #.#
##.## #.# #..# #.# #.##
#.# #.# #.# #.# #.#####


You could see 3 gnolls, a quokka and a hobgoblin.

Vanquished Creatures
  An ice beast (D:3)
  2 orc wizards (D:3)
  4 gnolls (D:2)
  5 adders
  An ooze (D:2)
  A worm (D:3)
  A dart slug (D:1)
  3 leopard geckos
  An orc (D:2)
  2 giant cockroaches
  4 goblins
  2 hobgoblins
  3 jackals
  5 kobolds
  8 bats
  4 frilled lizards
  6 rats
53 creatures vanquished.

Notes
Turn   | Place    | Note
-------+----------+-------------------------------------------
     0 | D:1      | Cryolive the Gargoyle Earth Elementalist began the quest
                  | for the Orb.
     0 | D:1      | Reached XP level 1. HP: 10/10 MP: 3/3
   443 | D:1      | Reached XP level 2. HP: 12/15 MP: 5/5
   577 | D:1      | Reached skill level 4 in Earth Magic
  1047 | D:2      | Reached XP level 3. HP: 18/19 MP: 4/7
  1319 | D:2      | Reached XP level 4. HP: 14/24 MP: 8/8
  1452 | D:2      | Reached skill level 5 in Earth Magic
  2274 | D:3      | Reached XP level 5. HP: 12/28 MP: 10/10
  2397 | D:3      | Noticed an ice beast
  2406 | D:3      | Killed an ice beast
  2406 | D:3      | Reached XP level 6. HP: 21/32 MP: 4/12
  2468 | D:3      | Found a deep blue altar of Sif Muna.
  2512 | D:3      | Reached skill level 6 in Earth Magic
  2800 | D:3      | Slain by a gnoll

Vault maps used:
D:1:      dpeg_arrival_rhombi
D:3:      fiery_altar_vehumet, led_sif_book

Skill      XL: |  1  2  3  4  5  6 |
---------------+-------------------+-----
Earth Magic    | 4 5 6 |  6.2
Spellcasting   | 3 4 |  4.4
Dodging        | |  1.6
Stealth        | |  2.1
Transmutations | |  0.7

Action                   |  1- 3 |  4- 6 || total
-------------------------+-------+-------++-------
Melee: Unarmed           |    23 |       ||    23
       Short sword       |    30 |       ||    30
       Whip              |    39 |       ||    39
       Mace              |    20 |   107 ||   127
 Cast: Sandblast         |    15 |    22 ||    37
 Stab: Sleeping          |     1 |       ||     1
  Eat: Ration            |     1 |     1 ||     2
Armor: Robe              |    77 |    55 ||   132
Dodge: Dodged            |   134 |    87 ||   221

Table legend:
 A = Non-vault XP
 B = Vault XP
 C = Vault XP percentage of total XP
 D = Non-vault monster count
 E = Vault monster count
 F = Vault count percentage of total count
                 A         B        C        D         E       F
            +---------+---------+-------+---------+---------+-------
      Total |     335 |      75 |  18.3 |      51 |       2 |   3.8
            +---------+---------+-------+---------+---------+-------
        D:1 |      28 |       0 |   0.0 |      17 |       0 |   0.0
        D:2 |     134 |       0 |   0.0 |      24 |       0 |   0.0
        D:3 |     173 |      75 |  30.2 |      10 |       2 |  16.7
            +---------+---------+-------+---------+---------+-------
